 Dungeon Crawl Stone Soup version 0.28.0-45-g0d030f2227 (webtiles) character file.

Game seed: 7861213430336149453

1020579 RepoMan the Mender (level 27, -6/170 HPs)
             Began as a Gargoyle Venom Mage on Apr 19, 2022.
             Was a Priest of Elyvilon.
             Killed from afar by a Hell Sentinel (46 damage)
             ... with damnation
             ... on level 7 of the Iron City of Dis on Apr 22, 2022.
             The game lasted 14:17:22 (103482 turns).

RepoMan the Mender (Gargoyle Venom Mage)          Turns: 103482, Time: 14:17:22

Health: -6/170     AC: 51    Str: 23    XL:     27
Magic:  16/35      EV: 13    Int: 23    God:    Elyvilon [***...]
Gold:   5536       SH: 36    Dex: 15    Spells: 1/46 levels left

rFire   + + .      SeeInvis +   h - +9 broad axe (holy)
rCold   + . .      Faith    .   q - +8 tower shield {rN+}
rNeg    + + +      Spirit   .   T - +3 fire dragon scales
rPois   ∞          Reflect  +   p - +1 helmet "Omento" {Contam rPois Regen+ Str+3}
rElec   +          Harm     .   t - +2 cloak {Will+}
rCorr   +          Rampage  .   U - +2 pair of gloves {Dex+3}
Will    ++++.                   S - +2 pair of boots of Dust Devil {Dex+2}
Stlth   +++.......              g - amulet "Arphiss Tior" {Reflect rC++ rN+ SH+5}
HPRegen 1.18/turn               s - ring of Giph {Will+ rCorr Stlth+}
MPRegen 0.24/turn               L - ring of Odaol {Int+3 SInv}

@: flying, slightly contaminated, studying Throwing, corroded
A: sickness immunity, AC +20, big wings, negative energy resistance 1,
electricity resistance, torment resistance 1, petrification resistance,
iridescent scales 3, dopey 1, low MP 1, screaming 1, MP-powered wands, sturdy
frame 1, [frail 1]
}: 11/15 runes: decaying, slimy, silver, bone, abyssal, demonic, glowing,
magical, fiery, dark, gossamer
a: Renounce Religion, Purification, Heal Other, Heal Self


You were on level 7 of the Iron City of Dis.
You worshipped Elyvilon.
Elyvilon was most pleased with you.
You visited 14 branches of the dungeon, and saw 67 of its levels.
You visited Pandemonium 1 time, and saw 20 of its levels.
You visited the Abyss 2 times.
You visited 1 ziggurat, and saw 7 of its levels.
You also visited: Gauntlet, Ice Cave and Volcano.

You collected 11479 gold pieces.
You spent 5943 gold pieces at shops.

Inventory:

Hand Weapons
 h - a +9 broad axe of holy wrath (weapon)
 m - a +3 antimagic hand axe
 w - a +9 vorpal broad axe
 O - the +11 short sword of Oenomania {flame, +Blink Will+ Dex-3 Stlth+}
   (You found it on level 5 of the Pits of Slime)

   It burns those it strikes, dealing additional fire damage.
   Dex:       It affects your dexterity (-3).
   +Blink:    It lets you blink.
   Will:      It increases your willpower.
   Stlth:     It makes you more stealthy.
Armour
 b - +0 ice dragon scales
 p - the +1 helmet "Omento" (worn) {Contam rPois Regen+ Str+3}
   (You acquired it on level 15 of the Dungeon)

   Str:       It affects your strength (+3).
   rPois:     It protects you from poison.
   Contam:    It causes magical contamination when unequipped.
   Regen:     It increases your rate of health regeneration.
 q - a +8 tower shield of positive energy (worn)
 t - a +2 cloak of willpower (worn)
 S - the +2 pair of boots of Dust Devil (worn) {Dex+2}
   (You bought it in a shop on level 3 of the Elven Halls)

   Dex:       It affects your dexterity (+2).
 T - +3 fire dragon scales (worn)
 U - a +2 pair of gloves of dexterity (worn)
Jewellery
 a - the amulet "Isebext" {RegenMP +Inv Int+2 Dex+3}
   (You found it on level 5 of a ziggurat)

   [amulet of magic regeneration]

   It increases your rate of magic regeneration.
   Int:       It affects your intelligence (+2).
   Dex:       It affects your dexterity (+3).
   +Inv:      It lets you turn invisible.
 g - the amulet "Arphiss Tior" (around neck) {Reflect rC++ rN+ SH+5}
   (You took it off a deep elf pyromancer on level 3 of the Elven Halls)

   [amulet of reflection]

   It reflects blocked missile attacks.
   rC:        It greatly protects you from cold.
   rN:        It protects you from negative energy.
   SH:        It affects your SH (+5).
 s - the ring of Giph (left hand) {Will+ rCorr Stlth+}
   (You found it on level 4 of the Swamp)

   [ring of resist corrosion]

   rCorr:     It protects you from acid and corrosion.
   Will:      It increases your willpower.
   Stlth:     It makes you more stealthy.
 u - a ring of protection from cold
 A - the ring "Efuiss" {EV+4 Int+3}
   (You found it on level 6 of the Lair of Beasts)

   [ring of evasion]

   EV:        It affects your evasion (+4).
   Int:       It affects your intelligence (+3).
 L - the ring of Odaol (right hand) {Int+3 SInv}
   (You found it on level 3 of the Elven Halls)

   [ring of see invisible]

   Int:       It affects your intelligence (+3).
   SInv:      It lets you see invisible.
 Q - the ring "Kiestraa" {rF+ MP+9 Str+2}
   (You acquired it in Pandemonium)

   [ring of protection from fire]

   Str:       It affects your strength (+2).
   rF:        It protects you from fire.
   MP:        It affects your magic capacity (+9).
Wands
 f - a wand of paralysis (16)
 n - a wand of flame (43)
 x - a wand of acid (26)
 H - a wand of iceblast (69)
 R - a wand of digging (1)
 X - a wand of mindburst (34)
Scrolls
 c - 7 scrolls of teleportation
 d - 7 scrolls of fog
 e - 12 scrolls of amnesia
 i - 6 scrolls of magic mapping
 j - 11 scrolls of fear
 k - a scroll of silence
 y - 2 scrolls of summoning
 B - 10 scrolls of immolation
 F - 14 scrolls of vulnerability
 M - 3 scrolls of blinking
Potions
 l - a potion of resistance
 r - 2 potions of berserk rage
 v - 2 potions of invisibility
 z - 4 potions of lignification
 C - 2 potions of brilliance
 D - 9 potions of mutation
 G - 2 potions of magic
 J - 29 potions of curing
 P - a potion of ambrosia
 W - a potion of haste
Miscellaneous
 I - a phantom mirror
 N - a phial of floods


   Skills:
 + Level 23.7 Fighting
 + Level 21.3 Axes
 - Level 20.3 Armour
 - Level 6.4 Dodging
 - Level 5.0 Stealth
 + Level 23.1 Shields
 - Level 10.0 Spellcasting
 - Level 7.0 Conjurations
 - Level 7.0 Hexes
 + Level 15.3 Translocations
 - Level 16.0 Transmutations
 - Level 2.0 Fire Magic
 - Level 16.0 Poison Magic
 * Level 25.6 Invocations
 - Level 5.0 Evocations


You had one spell level left.
You knew the following spells:

 Your Spells              Type           Power      Damage    Failure   Level
a - Manifold Assault      Tloc           70%        N/A       1%          5
b - Blink                 Tloc           100%       N/A       1%          2
c - Mephitic Cloud        Conj/Pois/Air  46%        N/A       1%          3
g - Apportation           Tloc           100%       N/A       1%          1
i - Ignite Poison         Fire/Tmut/Pois 59%        N/A       1%          3
l - Lesser Beckoning      Tloc           70%        N/A       1%          3
n - Eringya's Noxious Bo  Tmut/Pois      35%        N/A       2%          6
s - Sting                 Tmut/Pois      100%       1d8       1%          1
t - Olgreb's Toxic Radia  Pois           71%        N/A       1%          4
v - Poisonous Vapours     Pois/Air       96%        N/A       1%          2
x - Irradiate             Conj/Tmut      29%        3d23      3%          5
y - Yara's Violent Unrav  Hex/Tmut       29%        3d12      3%          5
A - Alistair's Intoxicat  Tmut/Pois      47%        N/A       1%          5

Your spell library contained the following spells:

 Spells                   Type           Power      Damage    Failure   Level
 Beastly Appendage        Tmut           100%       N/A       1%          1
 Foxfire                  Conj/Fire      100%       2x1d9     1%          1
 Magic Dart               Conj           100%       1d8       1%          1
 Animate Skeleton         Necr           22%        N/A       13%         1
 Freeze                   Ice            44%        1d6       13%         1
 Sandblast                Erth           22%        2d7       13%         1
 Summon Small Mammal      Summ           44%        N/A       13%         1
 Portal Projectile        Hex/Tloc       100%       N/A       1%          3
 Spider Form              Tmut/Pois      71%        N/A       1%          3
 Iskenderun's Mystic Bla  Conj/Tloc      58%        2d12      1%          4
 Passage of Golubria      Tloc           70%        N/A       1%          4
 Blade Hands              Tmut           35%        N/A       1%          5
 Confusing Touch          Hex            43%        N/A       2%          3
 Dazzling Flash           Conj/Hex       86%        N/A       2%          3
 Tukima's Dance           Hex            43%        N/A       2%          3
 Dispersal                Tloc           35%        N/A       3%          6
 Static Discharge         Conj/Air       27%        N/A       4%          2
 Ice Form                 Ice/Tmut       48%        N/A       4%          4
 Petrify                  Tmut/Erth      48%        N/A       4%          4
 Conjure Flame            Conj/Fire      32%        6-21      6%          3
 Inner Flame              Hex/Fire       32%        N/A       6%          3
 Cause Fear               Hex            21%        N/A       8%          4
 Fulminant Prism          Conj/Hex       21%        3d13      8%          4
 Stone Arrow              Conj/Erth      54%        3d10      10%         3
 Summon Forest            Summ/Tloc      23%        N/A       16%         5
 Call Imp                 Summ           11%        N/A       21%         2
 Flame Wave               Conj/Fire      32%        2d8       21%         4
 Sticky Flame             Conj/Fire      32%        2d5       21%         4
 Iskenderun's Battlesphe  Conj           43%        2d9       21%         5
 Anguish                  Hex/Necr       13%        N/A       30%         4
 Hailstorm                Conj/Ice       27%        3d7       30%         4
 Leda's Liquefaction      Hex/Erth       13%        N/A       30%         4
 Call Canine Familiar     Summ           11%        N/A       36%         3
 Frozen Ramparts          Ice            22%        1d4       36%         3
 Ozocubu's Armour         Ice            11%        N/A       36%         3
 Fireball                 Conj/Fire      16%        3d8       50%         5
 Lightning Bolt           Conj/Air       13%        1d27      65%         5
 Metabolic Englaciation   Hex/Ice        13%        N/A       65%         5
 Silence                  Hex/Air        13%        N/A       65%         5
 Summon Mana Viper        Hex/Summ       27%        N/A       65%         5
 Airstrike                Air            5%         N/A       78%         4
 Animate Armour           Summ/Erth      22%        N/A       78%         4
 Dispel Undead            Necr           11%        3d9       78%         4
 Summon Ice Beast         Ice/Summ       11%        N/A       78%         4
 Summon Lightning Spire   Summ/Air       11%        N/A       78%         4
 Freezing Cloud           Conj/Ice/Air   11%        6-21      82%         5
 Disjunction              Tloc           35%        N/A       85%         8
 Starburst                Conj/Fire      16%        6d6       97%         6
 Borgnjor's Vile Clutch   Necr/Erth      5%         N/A       98%         5
 Excruciating Wounds      Necr           5%         N/A       98%         5
 Lee's Rapid Deconstruct  Erth           5%         3d7*      98%         5
 Conjure Ball Lightning   Conj/Air       13%        3x3d6     99%         6
 Enfeeble                 Hex            21%        N/A       99%         7
 Malign Gateway           Summ/Tloc      23%        N/A       99%         7
 Orb of Destruction       Conj           21%        9d8       99%         7
 Storm Form               Tmut/Air       24%        N/A       99%         7
 Simulacrum               Ice/Necr       5%         N/A       100%        6
 Summon Cactus Giant      Summ           5%         N/A       100%        6
 Monstrous Menagerie      Summ           5%         N/A       100%        7
 Ozocubu's Refrigeration  Ice            5%         4d6       100%        7
 Spellforged Servitor     Conj/Summ      13%        N/A       100%        7
 Discord                  Hex            21%        N/A       100%        8
 Ignition                 Fire           10%        3d5       100%        8
 Lehudib's Crystal Spear  Conj/Erth      13%        10d5      100%        8
 Summon Horrible Things   Summ           5%         N/A       100%        8
 Chain Lightning          Conj/Air       13%        3d18      100%        9
 Fire Storm               Conj/Fire      16%        8d4       100%        9
 Shatter                  Erth           5%         3d8*      100%        9
 Statue Form              Tmut/Erth      Unusable   N/A       N/A         6

Dungeon Overview and Level Annotations

Branches:
Dungeon (15/15)            Temple (1/1) D:7            Lair (6/6) D:9
  Swamp (4/4) Lair:4       Spider (4/4) Lair:4        Slime (5/5) Lair:6
    Orc (2/2) D:11            Elf (3/3) Orc:2        Vaults (5/5) D:13
  Crypt (3/3) Vaults:2       Tomb (0/3) Crypt:3      Depths (4/4) D:15
   Hell (visited)             Dis (7/7) Hell            Geh (0/7) Hell
    Coc (0/7) Hell            Tar (7/7) Hell            Zot (0/5) Depths:4
  IceCv (visited)         Volcano (visited)         Gauntlet (visited)

Altars:
Ashenzari
Cheibriados
Dithmenos
Elyvilon
Fedhas
Gozag
Hepliaklqana
Kikubaaqudgha
Makhleb
Nemelex Xobeh
Okawaru
Qazlal
Ru
Sif Muna
Trog
Uskayaw
Vehumet
Wu Jian
Xom
Yredelemnul
Zin
The Shining One
Jiyva

Shops:
D:7 !   D:10 [   D:15 *   Orc:2 (!!*   Elf:2 *   Elf:3 *[?   Vaults:1 !
Vaults:3 =   Depths:1 :![   Depths:2 *

Portals:
Hell: Depths:1 Depths:2 Depths:3 Depths:4
Abyss: Depths:1 Depths:3 Depths:4
Pandemonium: Depths:2 Depths:3
Trove: Elf:1 (give 16 scrolls of teleportation)

Annotations:
Spider:2 2 transporters, McKennaii's ghost, adept DEIE
Vaults:2 1 runed translucent door, eruonna's ghost, veteran HOBe


Innate Abilities, Weirdness & Mutations

You are immune to sickness and miasma.
Your stone body is resilient. (AC +20)
You are immune to poison.
Your large and strong wings let you fly.
You resist negative energy. (rN+)
You are resistant to electric shocks. (rElec)
You are resistant to unholy torment.
You are immune to petrification.
You are completely covered in iridescent scales. (AC +6)
You are dopey. (Int -2)
Your magical capacity is low. (-10% MP)
You occasionally shout uncontrollably at your foes.
You expend magic power (3 MP) to strengthen your wands.
Your movements are slightly less encumbered by armour. (ER -2)
[You are frail. (-10% HP)]


Message History

The Hell Sentinel is severely wounded.
You hit the Hell Sentinel but do no damage.
Unknown command.
Unknown command.
You slash the Hell Sentinel!
The Hell Sentinel convulses!
The Hell Sentinel is almost dead.
You hit the Hell Sentinel but do no damage.
You block the Hell Sentinel's attack. x3
The Hell Sentinel hits you but does no damage.
Unknown command.
Unknown command.
You barely miss the Hell Sentinel.
The Hell Sentinel is almost dead.
You hit the Hell Sentinel.
The Hell Sentinel convulses.
The Hell Sentinel gestures at you.
The iron shot reflects off an invisible shield around you!
The iron shot hits the Hell Sentinel!
The Hell Sentinel gestures at you.
The sphere of damnation explodes!
The damnation engulfs you!!!
The damnation engulfs the Hell Sentinel.
The Hell Sentinel completely resists.
The damnation engulfs the Hell Sentinel.
The Hell Sentinel completely resists.
You hit the Hell Sentinel.
The Hell Sentinel convulses.
The Hell Sentinel is almost dead.
You slice the Hell Sentinel!!
The Hell Sentinel convulses!!
You block the Hell Sentinel's attack. The Hell Sentinel misses you.
The Hell Sentinel gestures at you.
The sphere of damnation explodes!
The damnation engulfs you!!
* * * LOW HITPOINT WARNING * * *
The damnation engulfs the Hell Sentinel.
The Hell Sentinel completely resists.
The damnation engulfs the Hell Sentinel.
The Hell Sentinel completely resists.
You are healed.
The Hell Sentinel hits you.
* * * LOW HITPOINT WARNING * * *
You block the Hell Sentinel's attack. The Hell Sentinel gestures at you.
The sphere of damnation explodes!
The damnation engulfs you!!!
You die...

*8,**,,*,*,,,*,*,,**,,,*,,▒▒▒▒...
*,,*****************,,,*,,▒......
*,,*****************,,,*,,▒...▒..
*,,,,,,,,,,,,,,,,,,,,,,*,,▒......
*,,,,,,*,*,,,*,*,,,,,,,*,,▒▒▒▒▒..
*,,,,,,,,,,,,,,,,,,,,,,,,,▒......
▒▒▒▒▒▒▒▒▒▒▒▒▒▒▒▒▒▒▒▒▒▒.8,,▒...▒..
▒8.............1........,,▒......
▒8........).....@1(.....,,▒▒▒▒▒..
▒▒▒▒)▒▒▒▒▒▒▒▒▒▒▒▒▒▒▒▒▒▒▒**▒▒▒▒▒▒▒
▒..)..▒....▒,,.,*,,,▒...*▒..▒...
▒▒.▒▒▒)▒....▒,..,*..,▒...*▒......
......)..▒▒.▒.▒▒,▒...▒...▒▒▒.....
...................▒.▒.▒.▒▒......
..........................▒......
▒.........................▒......
▒................................


You could see 2 Hell Sentinels and a +3 battleaxe.

Vanquished Creatures
  Cerebov (Pan)
  Ereshkigal (Tar:7)
  the Royal Jelly (Slime:5)
  Gloorx Vloq (Pan)
  Lom Lobon (Pan)
  4 dread liches
  7 pandemonium lords
  7 ancient liches
  Mnoleg (Pan)
  2 juggernauts (Dis:7)
  A royal mummy (Zig:6)
  Bai Suzhen (Spider:2)
  Saint Roka (Vaults:1)
  21 caustic shrikes
  Geryon (Hell)
  4 golden dragons
  Xtahua (Crypt:3)
  the Enchantress (Depths:2)
  5 profane servitors
  12 Tzitzimimeh
  37 bone dragons
  7 iron giants
  4 Brimstone Fiends (Pan)
  17 doom hounds
  A spectral shard shrike (Tar:4)
  7 tentacled monstrosities
  17 Hell Sentinels
  Rupert (D:15)
  4 Ice Fiends (Pan)
  4 searing wretches
  A shard shrike skeleton (Crypt:3)
  A hellephant (Abyss:5)
  6 liches
  A quicksilver dragon (Vaults:5)
  23 tainted leviathans
  4 deep elf blademasters
  6 titans (Vaults:5)
  6 deep elf master archers (Elf:3)
  33 Executioners
  24 acid blobs
  10 sphinxes
  26 ancient champions
  4 shadow dragons
  8 tentacled starspawn
  The ghost of Olga the Severer, an adept FoFi of Cheibriados (Elf:3)
  A draconian monk (Abyss:4)
  A storm dragon (Vaults:5)
  9 tengu reavers
  9 demonspawn warmongers
  8 azure jellies
  The ghost of P0WERM0DE the Black Belt, an adept MfCK of Jiyva (Elf:3)
  4 revenants
  7 fire giants
  A daeva (Zig:2)
  A draconian knight (Depths:4)
  The ghost of Vudadgh the Warrior, an adept HuWr of Hepliaklqana (Swamp:4)
  7 frost giants
  7 rockslimes
  Aizul (Swamp:1)
  16 cacodemons (Pan)
  A spectral caustic shrike (Tar:1)
  18 vault wardens
  12 quicksilver elementals
  A draconian shifter (Depths:4)
  9 deep elf sorcerers
  Louise (Depths:1)
  3 orc warlords
  7 iron dragons
  16 ghouls
  3 spriggan defenders (Depths:2)
  20 balrugs
  2 spectral juggernauts
  6 quicksilver oozes
  13 ironbound preservers
  2 angels
  A deep elf elementalist (Elf:2)
  22 war gargoyles
  6 demonspawn corrupters (Pan)
  28 reapers
  6 demonspawn blood saints (Pan)
  A caustic shrike skeleton (Pan)
  2 draconian annihilators
  6 ironbound thunderhulks
  12 very ugly things
  A juggernaut skeleton (Pan)
  3 green draconians (Depths:4)
  22 stone giants
  3 broodmothers (Spider:4)
  5 eleionomae
  11 lorocyprocas
  2 black draconians
  22 putrid mouths
  7 vampire knights
  2 deep elf demonologists (Elf:3)
  4 demonspawn black suns (Pan)
  6 entropy weavers
  3 spark wasps
  12 dire elephants
  A yellow draconian (Depths:4)
  9 deep elf annihilators
  A spectral titan (Tar:1)
  A bunyip (Swamp:2)
  A white draconian (Depths:4)
  29 eidola
  Snorg (Lair:6)
  10 ettins
  7 iron golems
  22 blizzard demons
  9 fire dragons
  A minotaur (Gauntlet)
  5 deep elf death magi
  10 jiangshi
  A quicksilver dragon zombie (Crypt:3)
  7 green deaths
  4 deep elf high priests
  2 mummy priests (Zig:6)
  A crystal guardian (Hell)
  8 great orbs of eyes
  36 vault guards
  A shambling mangrove (Swamp:4)
  The ghost of Peloso the Cleaver, a journeyman MiFi of Okawaru (D:12)
  A spriggan zombie (Crypt:1)
  2 spectral quicksilver dragons
  15 yaktaur captains
  2 quicksilver dragon skeletons (Crypt:2)
  17 ice dragons
  The ghost of jaiteiro the Thaumaturge, a journeyman GnFE of the Shining One (Orc:1)
  2 caustic shrike simulacra (IceCv)
  9 boulder beetles
  7 hydras
  10 rakshasas
  A jorogumo (Spider:3)
  3 spriggan skeletons
  A stoker (Hell)
  Erolcha (D:12)
  7 hell beasts
  9 ironbound frosthearts
  An ogre mage (D:15)
  2 juggernaut simulacra (Pan)
  6 spriggan air magi
  A catoblepas (Lair:3)
  10 two-headed ogres
  3 ghost crabs
  An anaconda (shapeshifter) (Vaults:5)
  3 radroaches
  3 tengu warriors
  8 alligators
  12 centaur warriors
  39 dancing weapons
  A titan zombie (Depths:1)
  5 spriggan berserkers
  7 deep troll earth magi
  5 deep troll shamans
  6 satyrs
  8 vampire magi
  4 death knights
  6 hell hogs (Pan)
  2 spectral dire elephants (Tar:1)
  10 thrashing horrors
  15 deep elf knights
  20 hell knights
  17 soul eaters
  A storm dragon zombie (Crypt:1)
  75 sun demons
  5 crystal echidnas
  3 fire crabs (shapeshifter)
  A titan skeleton (Pan)
  27 skeletal warriors
  5 goliath frogs
  6 wretched stars
  6 iron trolls
  79 large abominations
  2 spatial maelstroms (Abyss:4)
  2 storm dragon skeletons
  22 shadow wraiths
  4 anaconda zombies
  10 pharaoh ants
  18 sixfirhies
  A sun moth (Spider:4)
  2 flayed ghosts
  9 orb spiders
  3 death drakes
  42 deep trolls
  3 bog bodies (Swamp:2)
  4 steelbarb worms
  A spriggan druid (Swamp:4)
  A cherub (Pan)
  11 glowing orange brains
  A spectral iron dragon (Tar:1)
  16 shadow demons (Pan)
  A spark wasp zombie (Zig:6)
  12 phantasmal warriors
  A spriggan simulacrum (Abyss:4)
  11 deep elf archers
  A bunyip skeleton (Pan)
  23 ironbound convokers
  27 deep elf zephyrmancers
  5 swamp dragons
  4 orange crystal statues (Hell)
  12 necromancers
  15 wizards
  Pikel (D:5)
  44 ugly things
  6 harpies
  9 lindwurms
  2 stone giant zombies (Crypt:3)
  6 orc knights
  2 anaconda skeletons (Hell)
  2 frost giant zombies
  An orc sorcerer (Abyss:5)
  2 shadow dragon skeletons
  31 wolf spiders
  2 spectral ettins
  7 cyclopes
  22 deep elf pyromancers
  A goliath frog skeleton (Crypt:1)
  7 shining eyes
  4 starcursed masses (Abyss:4)
  2 manticores (D:13)
  3 oklob plants
  3 worldbinders (Abyss:4)
  7 will-o-the-wisps
  A salamander (shapeshifter) (Elf:3)
  6 moths of wrath
  A stone giant skeleton (Vaults:3)
  9 elephants
  A titan simulacrum (Zig:6)
  4 black mambas
  A dire elephant zombie (Crypt:1)
  24 orange demons
  4 rust devils
  23 vault sentinels
  5 centaur zombies
  5 eyes of devastation
  7 gargoyles
  3 torpor snails
  A naga mage (Zig:3)
  A molten gargoyle (Swamp:4)
  7 apocalypse crabs
  37 smoke demons
  7 ice statues
  An alligator snapping turtle zombie (Crypt:3)
  4 unseen horrors
  10 cane toads
  4 naga skeletons
  Maggie (Lair:1)
  A steelbarb worm zombie (Crypt:2)
  6 efreet
  An alligator snapping turtle skeleton (Pan)
  5 freezing wraiths
  3 centaur skeletons
  11 hellions
  18 tormentors
  22 demonic crawlers
  2 anaconda simulacra
  A rime drake (Lair:2)
  40 yaktaurs
  2 golden dragon simulacra (IceCv)
  A tengu conjurer (Depths:4)
  13 red devils
  7 ancient zymes
  7 komodo dragons
  2 guardian mummies (Zig:6)
  2 harpy zombies
  9 hellwings
  6 hydra zombies
  12 ice devils
  A sea snake skeleton (Hell)
  2 elf skeletons
  2 spectral harpies (Tar:1)
  13 meliai
  4 polar bears (Lair:6)
  5 trolls
  32 tarantellas
  A queen bee (shapeshifter) (Elf:1)
  8 tyrant leeches
  A wind drake (shapeshifter) (Vaults:5)
  Grinder (D:5)
  23 hornets
  23 blink frogs
  24 raiju
  85 slime creatures
  2 raiju (shapeshifter)
  2 ettin zombies
  2 harpy skeletons (Pan)
  13 dream sheep
  A spectral swamp dragon (Tar:1)
  A centaur simulacrum (Crypt:1)
  45 jumping spiders
  19 culicivoras
  A fire dragon skeleton (Crypt:2)
  22 spriggans
  7 shadows
  2 ettin skeletons
  9 flying skulls
  7 wraiths
  2 air elementals
  5 wyverns
  A spectral black mamba (Tar:1)
  32 ynoxinuls
  4 vampires (Crypt:3)
  A human (shapeshifter) (Elf:1)
  7 steam dragons
  16 water elementals
  A yak (shapeshifter) (Vaults:5)
  An elf simulacrum (Vaults:4)
  2 golden eyes (shapeshifter)
  57 yaks
  29 chaos spawn
  4 fire elementals
  2 fire bats (Swamp:4)
  15 small abominations
  6 basilisks
  52 redbacks
  13 neqoxecs
  Edmund (D:5)
  A catoblepas simulacrum (Crypt:2)
  14 golden eyes
  9 vampire mosquitoes
  9 swamp worms
  A two-headed ogre zombie (Crypt:3)
  2 harpy simulacra
  2 human zombies
  8 wargs
  16 water moccasins
  A merfolk zombie (Crypt:1)
  A faun skeleton (Crypt:1)
  2 floating eyes
  2 hydra simulacra
  10 swamp drakes
  40 orc warriors
  An ice beast (D:6)
  A sky beast (D:7)
  8 black bears
  An ettin simulacrum (IceCv)
  85 wolves
  7 boggarts
  4 necrophages
  17 ogres
  2 lemures (D:5)
  2 phantoms
  4 kobold brigands
  14 centaurs
  Blork the orc (D:4)
  A draconian zombie (Crypt:1)
  6 bullfrogs
  A komodo dragon skeleton (Crypt:2)
  4 earth elementals
  7 gnoll sergeants
  5 human skeletons
  2 scorpions
  A wyvern zombie (D:8)
  A water moccasin zombie (D:5)
  6 killer bees
  3 wights (D:6)
  A swamp dragon simulacrum (Crypt:1)
  An electric eel (Lair:6)
  3 howler monkeys
  2 quasits (Abyss:4)
  6 hounds
  A bullfrog skeleton (D:4)
  A gnoll shaman (D:9)
  3 jellies
  11 orc priests
  Natasha (thrice) (D:4)
  5 iguanas
  17 orc wizards
  A scorpion zombie (D:5)
  4 hell rats (Hell)
  A killer bee zombie (D:5)
  An acid dragon skeleton (Crypt:1)
  5 mummies (Zig:6)
  A howler monkey zombie (D:9)
  4 adders
  17 gnolls
  A shadow imp (D:6)
  A white imp (D:8)
  An ufetubus (Abyss:4)
  An adder skeleton (Crypt:2)
  A worm (D:2)
  2 dart slugs (D:3)
  73 orcs
  4 ball pythons
  6 bats
  3 endoplasms
  A giant cockroach (D:4)
  4 goblins
  7 hobgoblins
  13 jackals
  17 kobolds
  2 quokkas (D:1)
  A ball python zombie (Crypt:2)
  5 frilled lizards
  2 giant cockroach zombies
  A hobgoblin skeleton (Crypt:1)
  A kobold skeleton (Crypt:1)
  8 rats
  2 ball lightnings (Pan)
  3 bushes (Lair:6)
  A creeping inferno (Hell)
  A fire vortex (Hell)
  A lurking horror (Abyss:5)
  10 starspawn tentacles
3299 creatures vanquished.

Vanquished Creatures (collateral kills)
  2 caustic shrikes
  An ironbound thunderhulk (Vaults:4)
  An ironbound preserver (Vaults:4)
  A yaktaur captain (Vaults:5)
  2 centaurs (Orc:2)
7 creatures vanquished.

Vanquished Creatures (others)
  A lich (Pan)
  2 balrugs (Pan)
  2 curse skulls (Pan)
  A very ugly thing (IceCv)
  A demonspawn blood saint (Pan)
  A draconian annihilator (Pan)
  2 lorocyprocas (Pan)
  A blizzard demon (Hell)
  A hydra (Swamp:4)
  A rakshasa (Pan)
  A thrashing horror (Abyss:4)
  A soul eater (Pan)
  A shadow wraith (Abyss:4)
  An iron troll (Vaults:5)
  2 glowing orange brains (Pan)
  A swamp dragon (Swamp:1)
  A wizard (Pan)
  A steelbarb worm (Spider:3)
  An orc knight (Vaults:5)
  A deep elf zephyrmancer (Elf:1)
  A smoke demon (Abyss:5)
  A guardian serpent (Abyss:5)
  A komodo dragon (Lair:3)
  2 demonic crawlers (Pan)
  A tormentor (Dis:7)
  A tyrant leech (Swamp:2)
  A raiju (Abyss:4)
  An air elemental (Abyss:5)
  A yak (Lair:3)
  2 steam dragons (Swamp:4)
  A chaos spawn (Pan)
  A neqoxec (Pan)
  A water moccasin (Lair:4)
  A small abomination (Abyss:4)
  A swamp drake (Swamp:4)
  A hell rat (Hell)
  13 ball lightnings (Pan)
  A block of ice (Pan)
  10 bushes (Abyss:5)
  10 demonic plants (Abyss:5)
  A fire vortex (Swamp:4)
  25 foxfires
  58 fungi
  83 plants
  24 starspawn tentacles
  32 withered plants
299 creatures vanquished.

Grand Total: 3605 creatures vanquished

Notes
Turn   | Place    | Note
-------+----------+-------------------------------------------
     0 | D:1      | RepoMan the Gargoyle Venom Mage began the quest for the
                  | Orb.
     0 | D:1      | Reached XP level 1. HP: 10/10 MP: 3/3
   266 | D:1      | Reached XP level 2. HP: 15/15 MP: 0/5
   330 | D:1      | Learned a level 2 spell: Poisonous Vapours
   600 | D:1      | Reached XP level 3. HP: 13/19 MP: 0/6
  1424 | D:2      | Reached skill level 1 in Axes
  1650 | D:2      | Reached XP level 4. HP: 13/24 MP: 4/7
  1781 | D:2      | Learned a level 1 spell: Apportation
  1840 | D:2      | Reached skill level 1 in Fighting
  2537 | D:3      | Reached XP level 5. HP: 27/29 MP: 8/8
  2659 | D:3      | Found the +7 lajatang of Order {silver, rMut}
  3147 | D:4      | Noticed Natasha
  3154 | D:4      | Killed Natasha
  3346 | D:4      | Noticed an ogre
  3355 | D:4      | Killed an ogre
  3356 | D:4      | Reached skill level 5 in Poison Magic
  3356 | D:4      | Reached XP level 6. HP: 36/36 MP: 3/9
  3439 | D:4      | Noticed Blork the orc
  3503 | D:4      | Noticed a necrophage
  3516 | D:4      | Killed a necrophage
  3546 | D:4      | Reached XP level 7. HP: 30/41 MP: 7/10
  3810 | D:4      | Noticed a yak
  3811 | D:4      | Noticed a yak
  3837 | D:4      | Killed a yak
  3890 | D:4      | Noticed a yak
  3892 | D:4      | Noticed a yak
  3918 | D:4      | Killed a yak
  3974 | D:4      | Noticed a yak
  3974 | D:4      | Noticed a yak
  4017 | D:4      | Killed a yak
  4018 | D:4      | Reached XP level 8. HP: 18/48 MP: 7/11
  4208 | D:4      | Noticed Natasha
  4214 | D:4      | Killed Natasha
  4298 | D:3      | Learned a level 4 spell: Olgreb's Toxic Radiance
  4302 | D:3      | Learned a level 3 spell: Mephitic Cloud
  4332 | D:4      | Noticed Natasha
  4339 | D:4      | Killed Natasha
  4490 | D:4      | Reached skill level 5 in Axes
  4835 | D:4      | Killed Blork the orc
  4951 | D:4      | Killed a yak
  5038 | D:4      | Killed a yak
  5039 | D:4      | Reached skill level 5 in Fighting
  5140 | D:4      | Killed a yak
  5141 | D:4      | Reached XP level 9. HP: 54/54 MP: 2/12
  5291 | D:5      | Entered Level 5 of the Dungeon
  5853 | D:5      | Noticed Pikel
  5893 | D:5      | Killed Pikel
  6003 | D:5      | Noticed Grinder
  6053 | D:5      | Noticed Edmund
  6159 | D:5      | Killed Edmund
  6603 | D:5      | You fall into a shaft and drop 2 floors!
  7116 | D:6      | Noticed a troll
  7126 | D:6      | Killed a troll
  7245 | D:6      | Reached XP level 10. HP: 48/61 MP: 11/13
  7327 | D:6      | Reached skill level 10 in Poison Magic
  8420 | D:7      | Found a radiant altar of Vehumet.
  8421 | D:7      | Found an iron altar of Okawaru.
  8421 | D:7      | Found a glowing golden altar of the Shining One.
  8560 | D:7      | Reached skill level 1 in Shields
  8636 | D:7      | Found a hazy altar of Hepliaklqana.
  8784 | D:7      | Found a staircase to the Ecumenical Temple.
  8800 | Temple   | Entered the Ecumenical Temple
  8931 | Temple   | Became a worshipper of Elyvilon the Healer
  9182 | D:7      | Found Jaocebo's Distillery.
  9189 | D:7      | Bought a potion of degeneration for 14 gold pieces
  9189 | D:7      | Bought a potion of lignification for 42 gold pieces
  9189 | D:7      | Bought a potion of might for 56 gold pieces
  9189 | D:7      | Bought a potion of brilliance for 56 gold pieces
  9189 | D:7      | Bought a potion of invisibility for 112 gold pieces
  9612 | D:8      | Reached * piety under Elyvilon
 10638 | D:9      | Learned a level 3 spell: Ignite Poison
 10784 | D:9      | Found a staircase to the Lair.
 10806 | D:9      | Reached ** piety under Elyvilon
 10941 | D:9      | Reached skill level 1 in Transmutations
 11455 | D:9      | Reached skill level 1 in Fire Magic
 11653 | D:10     | Entered Level 10 of the Dungeon
 11838 | D:10     | Found Wotzoseumm's Armour Emporium.
 11868 | D:10     | Reached XP level 11. HP: 63/67 MP: 3/15
 12181 | D:10     | Noticed a two-headed ogre
 12187 | D:10     | Killed a two-headed ogre
 12430 | Lair:1   | Entered Level 1 of the Lair of Beasts
 12781 | Lair:1   | Reached *** piety under Elyvilon
 12838 | Lair:1   | Reached skill level 1 in Invocations
 12901 | Lair:1   | Reached skill level 2 in Invocations
 13146 | Lair:1   | Reached skill level 3 in Invocations
 13272 | Lair:1   | Noticed Maggie
 13282 | Lair:1   | Killed Maggie
 13283 | Lair:1   | Reached skill level 4 in Invocations
 13612 | Lair:1   | Noticed a four-headed hydra
 13831 | Lair:2   | Reached skill level 5 in Invocations
 13955 | Lair:2   | Reached skill level 6 in Invocations
 14163 | Lair:2   | Reached skill level 7 in Invocations
 14163 | Lair:2   | Reached XP level 12. HP: 72/72 MP: 9/17
 14232 | Lair:2   | Reached skill level 8 in Invocations
 14648 | Lair:2   | Reached skill level 9 in Invocations
 14853 | Lair:2   | Reached skill level 1 in Conjurations
 15394 | Lair:2   | Reached **** piety under Elyvilon
 16162 | Lair:3   | Noticed a six-headed hydra
 16164 | Lair:3   | Pacified a six-headed hydra
 16190 | Lair:3   | You fall into a shaft and drop 3 floors!
 16190 | Lair:6   | Entered Level 6 of the Lair of Beasts
 16222 | Lair:6   | Reached skill level 10 in Axes
 16377 | Lair:4   | Reached skill level 10 in Invocations
 16610 | Lair:4   | Found a dark tunnel.
 16619 | Volcano  | Entered a volcano
 16643 | Volcano  | Reached XP level 13. HP: 76/76 MP: 12/20
 16932 | Lair:4   | Reached ***** piety under Elyvilon
 16980 | Lair:3   | Identified the +2 leather armour of Grace {Will+}
 17260 | Lair:3   | Identified the +1 leather armour of the End {rPois Int+2
                  | Dex+4}
 17278 | Lair:3   | Reached skill level 1 in Translocations
 17954 | Lair:4   | Found a hole to the Spider Nest.
 18062 | Lair:4   | Found a staircase to the Swamp.
 19912 | Lair:6   | Reached skill level 11 in Invocations
 20073 | Lair:6   | Reached skill level 5 in Spellcasting
 20076 | Lair:6   | Gained mutation: Your large and strong wings let you fly.
                  | [Gargoyle growth]
 20076 | Lair:6   | Reached XP level 14. HP: 84/84 MP: 7/22
 21541 | Lair:6   | Found a staircase to the Slime Pits.
 21552 | Lair:6   | Reached skill level 10 in Fighting
 21552 | Lair:6   | Reached skill level 1 in Armour
 21607 | Lair:6   | Found a viscous altar of Jiyva.
 21650 | Lair:6   | Noticed Snorg
 21654 | Lair:6   | Killed Snorg
 22146 | Lair:6   | Identified the ring "Efuiss" {EV+4 Int+3}
 23923 | D:11     | Found a staircase to the Orcish Mines.
 24241 | Orc:1    | Entered Level 1 of the Orcish Mines
 24603 | Orc:1    | Found a runed translucent door.
 24606 | Orc:1    | Noticed jaiteiro's ghost (journeyman GnFE)
 24995 | Orc:1    | Killed jaiteiro's ghost
 25149 | Orc:2    | Entered Level 2 of the Orcish Mines
 25703 | Orc:2    | Noticed an orc warlord
 25714 | Orc:2    | Killed an orc warlord
 25739 | Orc:2    | Reached XP level 15. HP: 83/93 MP: 3/24
 25740 | Orc:2    | Reached skill level 12 in Invocations
 25896 | Orc:2    | Learned a level 5 spell: Alistair's Intoxication
 25987 | Orc:2    | Reached skill level 5 in Transmutations
 26074 | Orc:2    | Found Udogh's Distillery.
 26074 | Orc:2    | Found Pazxeuva's Distillery.
 26250 | Orc:2    | Reached skill level 5 in Armour
 26408 | Orc:2    | Found Davuj's Weapon Emporium.
 26409 | Orc:2    | Found Agrak's Assorted Antiques.
 26423 | Orc:2    | Bought a potion of heal wounds for 65 gold pieces
 26423 | Orc:2    | Bought a potion of haste for 130 gold pieces
 26423 | Orc:2    | Bought a potion of magic for 104 gold pieces
 26424 | Orc:2    | Bought a potion of ambrosia for 112 gold pieces
 26424 | Orc:2    | Bought a potion of flight for 42 gold pieces
 26424 | Orc:2    | Bought a potion of mutation for 112 gold pieces
 26426 | Orc:2    | Bought a scroll of teleportation for 105 gold pieces
 26426 | Orc:2    | Bought a scroll of identify for 70 gold pieces
 26430 | Orc:2    | Bought 3 potions of curing for 126 gold pieces
 26431 | Orc:2    | Bought a potion of cancellation for 104 gold pieces
 26431 | Orc:2    | Bought a potion of might for 52 gold pieces
 26432 | Orc:2    | Noticed an orc warlord
 26440 | Orc:2    | Killed an orc warlord
 27076 | Orc:2    | Found a staircase to the Elven Halls.
 27505 | D:12     | Noticed Erolcha
 27509 | D:12     | Killed Erolcha
 27690 | D:12     | Identified the +5 ring mail of Kuaviovem {rF- Int+4 SInv}
 28106 | D:12     | Found a runed translucent gate.
 28106 | D:12     | Found a runed translucent gate.
 28107 | D:12     | Found a runed translucent gate.
 28110 | D:12     | Noticed Peloso's ghost (journeyman MiFi)
 28421 | D:13     | Reached ****** piety under Elyvilon
 29300 | D:13     | Found the +5 robe of Night {Dark Will+ SInv}
 29757 | D:13     | Found a gate to the Vaults.
 30519 | D:14     | Found a sacrificial altar of Ru.
 31266 | D:15     | Entered Level 15 of the Dungeon
 31483 | D:15     | Reached XP level 16. HP: 61/101 MP: 12/27
 31566 | D:15     | Found a gate leading to a gauntlet.
 31573 | Gauntlet | Entered a Gauntlet
 31573 | Gauntlet | Found a transporter.
 31590 | Gauntlet | Found a transporter.
 31590 | Gauntlet | Found a transporter.
 31597 | Gauntlet | Found a transporter.
 31597 | Gauntlet | Found a transporter.
 31599 | Gauntlet | Found a transporter.
 31600 | Gauntlet | Found a transporter.
 31619 | Gauntlet | Found a transporter.
 31641 | Gauntlet | Found a transporter.
 31641 | Gauntlet | Found a transporter.
 31650 | Gauntlet | Found a transporter.
 31731 | Gauntlet | Found a transporter.
 31871 | Gauntlet | Identified the +0 war axe "Hovess" {vorpal, rN+}
 31969 | Gauntlet | Reached skill level 5 in Shields
 31969 | Gauntlet | Reached skill level 13 in Invocations
 31969 | Gauntlet | Reached XP level 17. HP: 106/106 MP: 28/28
 31989 | Gauntlet | Identified the ring "Zaedugiuto" {+Blink rN+ MP+9 Str+4}
 32005 | Gauntlet | Identified the +1 ring mail of Valiance {Str+4}
 32344 | D:15     | Found a staircase to the Depths.
 33336 | D:15     | Identified the amulet "Molisie" {Faith rN++ Regen+ Dex-3
                  | Stlth-}
 33337 | D:15     | Identified the +0 leather armour "Puniotuesi" {rC+ MP+9}
 33838 | D:15     | Found Lybraogg's Assorted Antiques.
 33842 | D:15     | Bought a scroll labelled ATECIH AMATTIU for 31 gold pieces
 33843 | D:15     | Acquired the +1 helmet "Omento" {Contam rPois Regen+ Str+3}
 34138 | D:15     | Noticed Rupert
 34169 | D:15     | Killed Rupert
 34655 | Spider:1 | Entered Level 1 of the Spider Nest
 36130 | Spider:1 | Reached skill level 14 in Invocations
 37330 | Spider:2 | Reached XP level 18. HP: 99/114 MP: 19/30
 37521 | Spider:2 | Found a transporter.
 37526 | Spider:2 | Noticed McKennaii's ghost (adept DEIE)
 37537 | Spider:2 | Found a transporter.
 38819 | Spider:3 | Reached skill level 10 in Armour
 38974 | Spider:3 | Noticed Bai Suzhen
 39103 | Spider:2 | Killed Bai Suzhen
 39819 | Spider:4 | Entered Level 4 of the Spider Nest
 40742 | Spider:4 | Reached skill level 15 in Invocations
 41920 | Spider:4 | Got a gossamer rune of Zot
 42128 | Swamp:1  | Entered Level 1 of the Swamp
 42243 | Swamp:1  | Reached XP level 19. HP: 104/121 MP: 19/31
 42345 | Swamp:1  | Noticed Aizul
 42371 | Swamp:1  | Killed Aizul
 43074 | Swamp:2  | Found a frozen archway.
 43139 | IceCv    | Entered an ice cave
 43155 | IceCv    | Found a transporter.
 43248 | IceCv    | Found a transporter.
 43388 | Swamp:2  | Reached skill level 10 in Shields
 44626 | Swamp:3  | Learned a level 5 spell: Yara's Violent Unravelling
 44885 | Swamp:4  | Entered Level 4 of the Swamp
 44892 | Swamp:4  | Reached skill level 15 in Poison Magic
 44991 | Swamp:4  | Found a transporter.
 44996 | Swamp:4  | Noticed Vudadgh's ghost (adept HuWr)
 45363 | Swamp:4  | Found a transporter.
 45400 | Swamp:4  | Reached skill level 1 in Hexes
 46014 | Swamp:4  | Got a decaying rune of Zot
 46443 | Swamp:4  | Reached skill level 15 in Axes
 46497 | Swamp:4  | Killed Vudadgh's ghost
 46626 | Swamp:4  | Identified the +1 pair of gloves of Omission {rPois rN+
                  | Int-2 Dex+3}
 46641 | Swamp:4  | Identified the ring of Giph {Will+ rCorr Stlth+}
 47199 | D:5      | Killed Grinder
 47335 | D:10     | Bought a +1 buckler of protection for 247 gold pieces
 47480 | Orc:2    | Bought 2 potions of experience for 1300 gold pieces
 47480 | Orc:2    | Bought a potion of haste for 130 gold pieces
 47480 | Orc:2    | Bought a potion of haste for 130 gold pieces
 47654 | D:12     | Killed Peloso's ghost
 48419 | Vaults:1 | Entered Level 1 of the Vaults
 48419 | Vaults:1 | Noticed Saint Roka
 48434 | Vaults:1 | Killed Saint Roka
 48435 | Vaults:1 | Reached skill level 15 in Fighting
 48681 | Vaults:1 | Identified the +8 hunting sling "Wammiez" {flame, rPois
                  | Stlth+}
 49248 | Vaults:1 | Reached XP level 20. HP: 129/129 MP: 24/32
 49288 | Vaults:1 | Found Qiluq's Distillery.
 49529 | Vaults:1 | Reached skill level 16 in Invocations
 52019 | Vaults:2 | You are sucked into a shaft and drop 1 floor!
 52648 | Vaults:3 | Found Supay's Jewellery Shop.
 53579 | Vaults:2 | Found a runed translucent door.
 53582 | Vaults:2 | Noticed eruonna's ghost (veteran HOBe)
 54083 | Vaults:2 | Found a staircase to the Crypt.
 54369 | Vaults:2 | Reached XP level 21. HP: 128/136 MP: 13/33
 56433 | Vaults:4 | Reached skill level 17 in Invocations
 59111 | Elf:1    | Entered Level 1 of the Elven Halls
 59111 | Elf:1    | Found a runed translucent gate.
 59111 | Elf:1    | Found a runed translucent gate.
 59111 | Elf:1    | Found a runed translucent gate.
 59111 | Elf:1    | Found a runed translucent gate.
 59111 | Elf:1    | Found a runed translucent gate.
 59111 | Elf:1    | Found a runed translucent gate.
 59123 | Elf:1    | Found a runed translucent door.
 59131 | Elf:1    | Got the Papyrus of Flight
 59153 | Elf:1    | Found a runed translucent door.
 59691 | Elf:1    | Found a portal to a secret trove of treasure.
 59862 | Elf:1    | Reached XP level 22. HP: 143/144 MP: 11/34
 60693 | Elf:2    | Found Qaniuz's General Store.
 60700 | Elf:2    | Bought a +0 cloak of willpower for 149 gold pieces
 60700 | Elf:2    | Bought a scroll of enchant weapon for 97 gold pieces
 60955 | Elf:2    | Found a runed translucent gate.
 60956 | Elf:2    | Found a runed translucent gate.
 60956 | Elf:2    | Found a runed translucent gate.
 61011 | Elf:2    | Paralysed by an air elemental for 1 turns
 62269 | Elf:3    | Entered Level 3 of the Elven Halls
 62426 | Elf:3    | Found Vavekua's Magic Scroll Shoppe.
 62426 | Elf:3    | Found Talibueq's Antique Armour Emporium.
 62443 | Elf:3    | Identified the +5 lajatang of Governance {vorpal, Str+3}
 62461 | Elf:3    | Bought a pair of warped boots for 237 gold pieces
 62461 | Elf:3    | Identified the +2 pair of boots of Dust Devil {Dex+2} (You
                  | bought it in a shop on level 3 of the Elven Halls)
 62482 | Elf:3    | Bought a scroll of fog for 28 gold pieces
 62482 | Elf:3    | Bought a scroll of immolation for 49 gold pieces
 62482 | Elf:3    | Bought a scroll of enchant weapon for 105 gold pieces
 62594 | Elf:3    | Found a runed translucent gate.
 62594 | Elf:3    | Found a runed translucent gate.
 62594 | Elf:3    | Found a runed translucent gate.
 62622 | Elf:3    | Noticed Olga's ghost (adept FoFi)
 62622 | Elf:3    | Noticed P0WERM0DE's ghost (adept MfCK)
 62688 | Elf:3    | Found Sarit's Assorted Antiques.
 62698 | Elf:3    | Bought a scroll of blinking for 240 gold pieces
 62698 | Elf:3    | Bought a scroll of teleportation for 96 gold pieces
 62856 | Elf:3    | Reached skill level 18 in Invocations
 63661 | Elf:3    | Reached skill level 15 in Armour
 64023 | Elf:3    | Identified the +4 war axe of the Dwarven Hall {venom, rElec
                  | rF+ rN++ Str-4}
 64023 | Elf:3    | Identified the +3 plate armour "Eluuroi" {Rampage rC+ MP+9
                  | Str+4}
 64424 | Elf:3    | Identified the amulet "Arphiss Tior" {Reflect rC++ rN+
                  | SH+5}
 64468 | Elf:3    | Found the +7 great mace "Undeadhunter" {disrupt, rN+}
 64498 | Elf:3    | Found the +10 Black Knight's barding {ponderous, rPois rN+}
 64500 | Elf:3    | Got the Almanac of the Fetching Frostbite
 64516 | Elf:3    | Got the Incunabulum of Evil Shape Shifting
 65059 | Vaults:4 | Reached XP level 23. HP: 150/150 MP: 36/36
 65060 | Vaults:4 | Reached XP level 24. HP: 157/157 MP: 36/36
 65323 | Vaults:5 | Entered Level 5 of the Vaults
 65335 | Vaults:5 | Reached skill level 10 in Transmutations
 65335 | Vaults:5 | Reached XP level 25. HP: 218/218 MP: 37/48
 65453 | Vaults:5 | Noticed an ancient lich
 65946 | Vaults:5 | Reached skill level 15 in Shields
 66137 | Vaults:5 | Identified the +3 scythe of Duty {flame, rN+}
 66137 | Vaults:5 | Noticed a dread lich
 66182 | Vaults:5 | Killed a dread lich
 66192 | Vaults:5 | Identified the ring "Xoirac" {rElec rC+ Will+ Slay-2}
 66329 | Vaults:5 | Identified the +9 chain mail "Polueg" {Str+4}
 67136 | Vaults:5 | Reached skill level 19 in Invocations
 67182 | Vaults:5 | Got the Almanac of the Quantum Glacier
 67374 | Vaults:5 | Killed an ancient lich
 67760 | Vaults:5 | Identified the +0 dagger of the Sky {venom, *Rage rElec
                  | rPois Dex+2}
 67998 | Vaults:5 | Got a silver rune of Zot
 68020 | Vaults:5 | Noticed Mennas
 68024 | Vaults:5 | Pacified Mennas
 68104 | Vaults:5 | Noticed an ancient lich
 68123 | Vaults:5 | Killed an ancient lich
 68657 | Slime:1  | Entered Level 1 of the Pits of Slime
 68791 | Slime:1  | You are sucked into a shaft and drop 1 floor!
 69044 | Slime:3  | Gained mutation: You occasionally shout uncontrollably at
                  | your foes. [a shining eye]
 69147 | Slime:3  | Reached XP level 26. HP: 150/170 MP: 36/36
 69337 | Slime:5  | Entered Level 5 of the Pits of Slime
 69829 | Slime:5  | Reached skill level 5 in Hexes
 70051 | Slime:5  | Noticed the Royal Jelly
 70059 | Slime:5  | Was placed under penance by Elyvilon
 70075 | Slime:5  | Killed the Royal Jelly
 70094 | Slime:5  | Paralysed by a floating eye for 3 turns
 70105 | Slime:5  | Found the +8 woodcutter's axe {vorpal}
 70565 | Slime:5  | Identified the +8 short sword "Umoeruru" {elec, rC+ Will+}
 70591 | Slime:5  | Got a slimy rune of Zot
 70592 | Slime:5  | Identified the amulet "Plog" {Reflect rElec Str+5 Int-3
                  | SH+5}
 70608 | Slime:5  | Got the Almanac of the Shifting Snowflakes
 70616 | Slime:5  | Learned a level 6 spell: Eringya's Noxious Bog
 70622 | Slime:5  | Learned a level 5 spell: Irradiate
 70653 | Slime:5  | Identified the +11 short sword of Oenomania {flame, +Blink
                  | Will+ Dex-3 Stlth+}
 70665 | Slime:5  | Got Vickarih's Disquisition on Calling
 71119 | Crypt:1  | Entered Level 1 of the Crypt
 71677 | Depths:1 | Entered Level 1 of the Depths
 71837 | Depths:1 | Found Gedweom's Book Shop.
 71837 | Depths:1 | Found Emeiceg's Distillery.
 71841 | Depths:1 | Found Row Xoa's Antique Armour Shop.
 71841 | Depths:1 | Was forgiven by Elyvilon
 71847 | Depths:1 | Bought a potion of heal wounds for 85 gold pieces
 71851 | Depths:1 | Bought 2 potions of haste for 340 gold pieces
 71851 | Depths:1 | Bought a potion of haste for 170 gold pieces
 72190 | Elf:3    | Bought a scroll of acquirement for 728 gold pieces
 72194 | Elf:3    | Acquired 522 gold pieces
 72861 | Crypt:1  | Noticed an ancient lich
 72894 | Crypt:1  | Killed an ancient lich
 74320 | Crypt:3  | Entered Level 3 of the Crypt
 74656 | Crypt:3  | Reached skill level 10 in Spellcasting
 74759 | Crypt:3  | Identified the +0 ring mail of Zanan {Rampage rF- rC+
                  | Regen+}
 74945 | Crypt:3  | Reached XP level 27. HP: 176/176 MP: 37/37
 75400 | Crypt:3  | Noticed Xtahua
 75420 | Crypt:3  | Killed Xtahua
 75422 | Crypt:3  | Reached skill level 5 in Conjurations
 75587 | Crypt:3  | Noticed an ancient lich
 75609 | Crypt:3  | Killed an ancient lich
 75737 | Crypt:3  | Found a staircase to the Tomb.
 75739 | Crypt:3  | Noticed an ancient lich
 75753 | Crypt:3  | Noticed an ancient lich
 75764 | Crypt:3  | Killed an ancient lich
 75772 | Crypt:3  | Killed an ancient lich
 75810 | Crypt:3  | Noticed an ancient lich
 75817 | Crypt:3  | Killed an ancient lich
 75822 | Crypt:3  | Got the Collected Works on the Voyage and Companions
 76194 | Depths:1 | Noticed Louise
 76200 | Depths:1 | Killed Louise
 76323 | Depths:1 | Found a one-way gate to the infinite horrors of the Abyss.
 76602 | Depths:1 | Found a gateway to Hell.
 76803 | Depths:1 | Identified the +0 scale mail "Ucocwol" {rF- Regen+ MP+9
                  | Str+5}
 77609 | Depths:2 | Noticed the Enchantress
 77610 | Depths:2 | Identified the +2 scale mail of Going Fast {rN+ Stlth+}
 77956 | Depths:2 | Reached skill level 20 in Invocations
 78027 | Depths:2 | Found Omelu's Demolitions Depot.
 78217 | Depths:2 | Found a one-way gate leading to the halls of Pandemonium.
 78330 | Depths:2 | Killed the Enchantress
 79333 | Depths:2 | Got the Compendium of Ashen Changing
 79547 | Depths:2 | Found a one-way gateway to a ziggurat.
 81053 | Depths:4 | Entered Level 4 of the Depths
 82486 | Depths:4 | Found a gate to the Realm of Zot.
 83147 | Elf:3    | Killed Olga's ghost
 83192 | Elf:3    | Killed P0WERM0DE's ghost
 83209 | Elf:3    | Identified the ring of Odaol {Int+3 SInv}
 83570 | Zig:1    | Entered Level 1 of a ziggurat
 83623 | Zig:2    | Entered Level 2 of a ziggurat
 83726 | Zig:3    | Entered Level 3 of a ziggurat
 83839 | Zig:4    | Entered Level 4 of a ziggurat
 83841 | Zig:4    | Found the +6 Majin-Bo {vamp, MP+6 Int+6}
 83918 | Zig:5    | Entered Level 5 of a ziggurat
 83967 | Zig:5    | Identified the amulet "Isebext" {RegenMP +Inv Int+2 Dex+3}
 84072 | Zig:6    | Entered Level 6 of a ziggurat
 84076 | Zig:6    | Noticed a royal mummy
 84077 | Zig:6    | Found the +0 mask of the Dragon {Will+ Slay+3 SInv}
 84089 | Zig:6    | Killed a royal mummy
 84098 | Zig:6    | Identified the +5 rapier "Waiqoe" {flame, *Rage rElec Str+3
                  | Dex+6}
 84104 | Zig:6    | Identified the +7 long sword "Ipte" {drain, Int+4 Dex+2}
 84175 | Zig:7    | Entered Level 7 of a ziggurat
 84182 | Zig:7    | Noticed Koramug the pandemonium lord
 84221 | Zig:7    | Killed Koramug the pandemonium lord
 84244 | Zig:7    | Identified the +5 mace of Othryschel {vorpal, rF+ rCorr
                  | Dex+3}
 84543 | Orc:2    | Bought a potion of haste for 130 gold pieces
 84543 | Orc:2    | Bought a potion of curing for 39 gold pieces
 84817 | Vaults:1 | Bought a potion of resistance for 100 gold pieces
 84817 | Vaults:1 | Bought a potion of berserk rage for 50 gold pieces
 84817 | Vaults:1 | Bought 2 potions of ambrosia for 160 gold pieces
 85051 | Pan      | Entered Pandemonium
 85334 | Pan      | Noticed Awucsiare the pandemonium lord
 86088 | Pan      | Noticed Pafyetzu the pandemonium lord
 86255 | Pan      | Reached skill level 5 in Dodging
 86260 | Pan      | Gained mutation: Armour fits poorly on your strangely
                  | shaped body. [a cacodemon]
 86740 | Pan      | Noticed Adghuoschi the pandemonium lord
 86770 | Pan      | Killed Adghuoschi the pandemonium lord
 86929 | Pan      | Learned a level 2 spell: Blink
 86933 | Pan      | Learned a level 3 spell: Lesser Beckoning
 86939 | Pan      | Learned a level 5 spell: Manifold Assault
 87638 | Pan      | Noticed Gauh the pandemonium lord
 87657 | Pan      | Killed Gauh the pandemonium lord
 87923 | Pan      | Gained mutation: You are dopey. (Int -2) [you]
 87933 | Pan      | Lost mutation: You occasionally shout uncontrollably at
                  | your foes. [potion of mutation]
 87933 | Pan      | Lost mutation: Armour fits poorly on your strangely shaped
                  | body. [potion of mutation]
 87933 | Pan      | Gained mutation: Your body sometimes deteriorates upon
                  | taking damage. [potion of mutation]
 87933 | Pan      | Gained mutation: Your spells are a little harder to cast,
                  | but a little more powerful. [potion of mutation]
 87933 | Pan      | Gained mutation: You are partially covered in iridescent
                  | scales. (AC +2) [potion of mutation]
 88017 | Pan      | Gained mutation: You have large cloven feet. [a neqoxec]
 88034 | Pan      | Reached skill level 5 in Translocations
 88038 | Pan      | Reached skill level 5 in Stealth
 88139 | Pan      | Gained mutation: You are weak. (Str -2) [you]
 88210 | Pan      | Noticed Gapasch the pandemonium lord
 88412 | Pan      | Found an exit through the horrors of the Abyss.
 88440 | Pan      | Noticed Lill the pandemonium lord
 88452 | Pan      | Entered the realm of Lom Lobon.
 89108 | Pan      | Noticed Lom Lobon
 89110 | Pan      | Got a magical rune of Zot
 89248 | Pan      | Noticed Qounur the pandemonium lord
 89374 | Pan      | Acquired the ring "Kiestraa" {rF+ MP+9 Str+2}
 90440 | Pan      | Noticed Qol Keni the pandemonium lord
 90446 | Pan      | Killed Qol Keni the pandemonium lord
 90508 | Pan      | Got a demonic rune of Zot
 90689 | Pan      | Noticed Zyvvud the pandemonium lord
 90720 | Pan      | Killed Zyvvud the pandemonium lord
 91006 | Pan      | Entered the realm of Cerebov.
 91010 | Pan      | Found the +6 sword of Cerebov {flame}
 91010 | Pan      | Noticed Cerebov
 91011 | Pan      | Got a fiery rune of Zot
 91247 | Pan      | Found an exit through the horrors of the Abyss.
 91496 | Pan      | Identified the +7 spear of the Queen {venom, +Blink Int+4}
 91506 | Pan      | Identified the +7 falchion "Fuopay Heli" {antimagic, *Rage
                  | rF+++ rC+ Str+4}
 91518 | Pan      | Killed Cerebov
 91519 | Pan      | Reached skill level 10 in Translocations
 91707 | Pan      | Got Theurgy for Beginners
 91709 | Pan      | Identified the +5 plate armour "Niyfidwi" {Drain +Blink
                  | rC+++ Str-2}
 91724 | Pan      | Identified the +7 quarterstaff "Nitrinuc" {venom, rN++
                  | rCorr Dex-2 SInv}
 91778 | Pan      | Identified the +5 ring mail of Baldness {Rampage Drain
                  | Str+3 Int+2}
 91877 | Pan      | Entered the realm of Gloorx Vloq.
 91889 | Pan      | Noticed Lom Lobon
 91988 | Pan      | Killed Lom Lobon
 92553 | Pan      | Noticed Gloorx Vloq
 92580 | Pan      | Killed Gloorx Vloq
 92604 | Pan      | Got a dark rune of Zot
 93068 | Pan      | Noticed Sotuwkurgh the pandemonium lord
 93104 | Pan      | Killed Sotuwkurgh the pandemonium lord
 93309 | Pan      | Found an exit through the horrors of the Abyss.
 93379 | Pan      | Entered the realm of Mnoleg.
 93435 | Pan      | Identified the +9 rapier of Gyeg {flame, rPois Will+ SInv}
 93665 | Pan      | Gained mutation: You have a pair of small antennae on your
                  | head. [a cacodemon]
 93675 | Pan      | Lost mutation: Your spells are a little harder to cast, but
                  | a little more powerful. [potion of mutation]
 93675 | Pan      | Lost mutation: Your body sometimes deteriorates upon taking
                  | damage. [potion of mutation]
 93675 | Pan      | Lost mutation: You have a pair of small antennae on your
                  | head. [potion of mutation]
 93675 | Pan      | Gained mutation: You are mostly covered in iridescent
                  | scales. (AC +4) [potion of mutation]
 93809 | Pan      | Gained mutation: You sometimes lose the ability to read
                  | scrolls when taking damage. [a shining eye]
 93966 | Pan      | Gained mutation: You are completely covered in iridescent
                  | scales. (AC +6) [a neqoxec]
 94000 | Pan      | Gained mutation: Your magical capacity is low. (-10% MP) [a
                  | neqoxec]
 94016 | Pan      | Gained mutation: Your magical capacity is very low. (-20%
                  | MP) [a cacodemon]
 94021 | Pan      | Reached skill level 21 in Invocations
 94215 | Pan      | Gained mutation: Your body sometimes deteriorates upon
                  | taking damage. [a cacodemon]
 94217 | Pan      | Noticed Mnoleg
 94255 | Pan      | Killed Mnoleg
 94264 | Pan      | Got a glowing rune of Zot
 94351 | Pan      | Noticed Joetilah the pandemonium lord
 94388 | Pan      | Killed Joetilah the pandemonium lord
 94740 | Pan      | Found an exit through the horrors of the Abyss.
 94745 | Pan      | Lost mutation: You are weak. (Str -2) [potion of mutation]
 94745 | Pan      | Lost mutation: Your body sometimes deteriorates upon taking
                  | damage. [potion of mutation]
 94745 | Pan      | Lost mutation: You have large cloven feet. [potion of
                  | mutation]
 94745 | Pan      | Gained mutation: Your body sometimes deteriorates upon
                  | taking damage. [potion of mutation]
 94746 | Pan      | Lost mutation: You sometimes lose the ability to read
                  | scrolls when taking damage. [potion of mutation]
 94746 | Pan      | Lost mutation: Your body sometimes deteriorates upon taking
                  | damage. [potion of mutation]
 94746 | Pan      | Gained mutation: [You are frail. (-10% HP)] [potion of
                  | mutation]
 94746 | Pan      | Gained mutation: Your movements are slightly less
                  | encumbered by armour. (ER -2) [potion of mutation]
 94746 | Pan      | Gained mutation: You have a pair of small antennae on your
                  | head. [potion of mutation]
 94748 | Pan      | Lost mutation: You have a pair of small antennae on your
                  | head. [potion of mutation]
 94748 | Pan      | Lost mutation: [You are frail. (-10% HP)] [potion of
                  | mutation]
 94748 | Pan      | Lost mutation: Your magical capacity is very low. (-20% MP)
                  | [potion of mutation]
 94748 | Pan      | Gained mutation: You occasionally shout uncontrollably at
                  | your foes. [potion of mutation]
 94748 | Pan      | Gained mutation: You expend magic power (3 MP) to
                  | strengthen your wands. [potion of mutation]
 94793 | Pan      | Took an exit into the Abyss.
 94793 | Abyss:1  | Escaped into the Abyss
 94811 | Abyss:2  | Found a corrupted altar of Lugonu.
 96125 | Abyss:5  | Entered Level 5 of the Abyss
 96474 | Abyss:5  | Reached skill level 15 in Transmutations
 96474 | Abyss:5  | Got an abyssal rune of Zot
 96481 | Depths:2 | Escaped the Abyss
 97160 | Hell     | Entered the Vestibule of Hell
 97160 | Hell     | Noticed Geryon
 97215 | Depths:2 | Reached skill level 1 in Evocations
 97455 | Hell     | Found a gateway to the decaying netherworld of Tartarus.
 97843 | Hell     | Found a gateway to the Iron City of Dis.
 97945 | Hell     | Found a gateway to the ashen valley of Gehenna.
 98051 | Hell     | Found a gateway to the freezing wastes of Cocytus.
 98072 | Hell     | Reached skill level 22 in Invocations
 98195 | Hell     | Killed Geryon
 98251 | Tar:1    | Entered Level 1 of Tartarus
 98302 | Tar:1    | Noticed a dread lich
 98429 | Tar:1    | Paralysed by a dread lich for 6 turns
 98446 | Tar:1    | Killed a dread lich
 98701 | Tar:4    | Cast into level 3 of the Abyss (reaper)
 98701 | Abyss:3  | Found a corrupted altar of Lugonu.
 98777 | Tar:4    | Escaped the Abyss
 99456 | Tar:7    | Entered Level 7 of Tartarus
 99592 | Tar:7    | Reached skill level 5 in Evocations
 99666 | Tar:7    | Reached skill level 23 in Invocations
 99919 | Tar:7    | Noticed a dread lich
 99934 | Tar:7    | Killed a dread lich
100174 | Tar:7    | Noticed a dread lich
100196 | Tar:7    | Killed a dread lich
100470 | Tar:7    | Reached skill level 24 in Invocations
100591 | Tar:7    | Noticed Ereshkigal
100618 | Tar:7    | Killed Ereshkigal
100681 | Tar:7    | Got a bone rune of Zot
100707 | Tar:7    | Identified the +7 long sword of Cheibriados's Delight
                  | {pain, SInv}
100835 | Dis:1    | Entered Level 1 of the Iron City of Dis
101653 | Dis:7    | Entered Level 7 of the Iron City of Dis
102013 | Dis:7    | Reached skill level 25 in Invocations
102460 | Dis:7    | Reached skill level 15 in Translocations
102878 | Dis:7    | Noticed a juggernaut
102946 | Dis:7    | Killed a juggernaut
102952 | Dis:7    | Got the Compendium of Changing and Ice
103139 | Dis:7    | Noticed a juggernaut
103314 | Dis:7    | Killed a juggernaut
103326 | Dis:7    | Identified the +4 ring mail of the Shore {Dex+7}
103482 | Dis:7    | Killed from afar by a Hell Sentinel

Illustrated notes

Levels and vault maps discovered:
D:1:      wander_arrival_chamber, layout_basic, minmay_shallow_snake_nest
D:2:      wander_river, layout_basic
D:3:      layout_basic
D:4:      nicolae_cairo_tiling_large, layout_gridville, uniq_blork_the_orc,
          uniq_natasha
D:5:      layout_basic, minmay_misc_feat_rows, uniq_pikel, uniq_edmund,
          uniq_grinder
D:6:      layout_loops_ring, serial_aquarium, aquarium_bridge_long_joined
          [aquarium_subvault_window, aquarium_subvault_window,
          aquarium_subvault_wall, aquarium_subvault_bridge,
          aquarium_subvault_bridge, aquarium_subvault_wall],
          aquarium_window_corner, aquarium_window_corridor_1, aquarium_window_1,
          aquarium_window_1, aquarium_view_2e, aquarium_view_2d,
          aquarium_pool_four, grunt_ministairs_14
D:7:      layout_basic, nicolae_overflow_quartered_altars,
          minmay_temple_entry_junction, serial_shops, nicolae_shop_hallway_plus
D:8:      layout_loops_ring
D:9:      layout_gridville, dpeg_oklobed_lair, grunt_ministairs_5,
          minmay_misc_feat_hallway
D:10:     layout_basic, serial_shops, nicolae_square_shop
D:11:     layout_loops_ring, kennysheep_orc_monster_closet_entryway
D:12:     layout_rooms, ebering_ghost_rock_garden, uniq_erolcha
D:13:     layout_stronghold, skrybe_vaults_entry_preservation,
          hellmonk_guarded_unrand_night
D:14:     layout_grid_maze, nicolae_ru_awakened_eye
D:15:     hangedman_depths_entry_civil_slaughter, layout_grid_maze,
          gauntlet_entry_generic, serial_shops, shop, laboratory, uniq_rupert
Temple:   dpeg_five_rooms_temple
Lair:1:   layout_regular_city, uniq_maggie
Lair:2:   beast_lair_carwin_large_4, layout_chaotic_city,
          grunt_forest_large_clearings
Lair:3:   layout_cave_shapes, chequers_serial_rivers_small_a,
          serial_bayou_shore_b
Lair:4:   layout_hall_layers, minmay_swamp_entry_reptiles,
          spider_nest_entry_web_field, enter_volcano_2
Lair:5:   layout_roguey
Lair:6:   minmay_lair_end_enchanted_forest, layout_regular_city, slime_altar_1,
          minmay_lair_oklob_bushes, chequers_serial_rivers_marsh,
          gammafunk_lair_bear_cave, uniq_snorg
Swamp:1:  layout_falls_marsh, evilmike_swamp_ruin_rubble_1, swamp_pool1,
          uniq_aizul
Swamp:2:  layout_basic_swamp, portal_ice_cave_entry_dragon,
          hangedman_swamp_lotus, nicolae_swamp_bean_lake
Swamp:3:  layout_basic_swamp, nicolae_swamp_well_well_well
Swamp:4:  swamp_fiery, layout_basic_swamp, gammafunk_ghost_berserking_beasts,
          swamp_pool5, infiniplex_staircase_pool_2
Spider:1: spider_temple_joshua
Spider:2: nicolae_spider_mines_3, gammafunk_ghost_mausoleum
Spider:3: layout_spider_delve, uniq_bai_suzhen
Spider:4: guppyfry_spider_rune, spiders_nest_spider_trap
Slime:1:  layout_caves
Slime:2:  layout_caves, nicolae_slime_welcoming_committee
Slime:3:  layout_caves
Slime:4:  layout_caves
Slime:5
Orc:1:    layout_diamond_mine, hellmonk_ghost_happy_afterlife
Orc:2:    st_orc_rangers, layout_diamond_mine
Elf:1:    nicolae_elf_arrival_dilemma, layout_rooms, enter_trove_2,
          hangedman_corner_corridor
Elf:2:    nicolae_elf_blades_crystal_corner, layout_geoelf_diagonals,
          serial_shops, nicolae_shop_hallway_plus
Elf:3:    minmay_elf_hall, layout_geoelf_grid, gammafunk_ghost_cemetery,
          serial_shops, shop_fountains, minmay_shoptagon, grunt_megastairs_5,
          uniq_louise
Vaults:1: nicolae_vaults_mini_display_case, ontoclasm_vaults_ring_small,
          nicolae_vaults_network_barrier, nicolae_vaults_network_square,
          v_rooms_4, nicolae_vaults_inception_scallops, st_squares,
          vaults_room_grunt_arrival_ludios, v_pattern_2,
          nicolae_vaults_shelves_hall, nicolae_vaults_little_squares_1,
          layout_vaults_omnibox, serial_shops, shop, uniq_saint_roka
Vaults:2: hellmonk_ghost_big_iron, hangedman_vaults_pinch,
          minmay_crypt_entry_simple_round, nicolae_vaults_angled_halls,
          ontoclasm_vaults_idyll, grunt_vaults_funnel,
          vaults_standard_mumra_enter_the_diamond, v_misc_27, v_misc_26,
          vaults_room_pool, dpeg_vaults_monster_box, layout_vaults_big_room
Vaults:3: st_check, v_alt_pattern_1, nicolae_vaults_theta,
          vaults_room_large_hall, layout_vaults_omnigrid, serial_shops,
          nicolae_shop_statue_plus
Vaults:4: vaults_room_grunt_arrival_checkpoint, v_alt_pattern_6,
          st_spiral_rooms, vaults_standard_mumra_enter_the_diamond,
          vaults_room_semicircle, vaults_dpeg_cross, v_pattern_3, v_misc_28,
          nicolae_vaults_ring_of_whatevers, ontoclasm_vaults_spin,
          ontoclasm_vaults_ligature, layout_vaults_maze
Vaults:5: uniq_mennas
Crypt:1:  layout_chaotic_city
Crypt:2:  layout_regular_city
Crypt:3:  quadcrypt_mu, uniq_xtahua
Depths:1: layout_gridville, grunt_hell_entry_dis_old,
          hangedman_abyss_or_decor_clamps,
          nicolae_abyss_entry_one_way_or_another, lemuel_flamethrower_3,
          minmay_shop_star
Depths:2: minmay_slanted_spiral_squares, layout_cave_shapes, enter_ziggurat_e,
          hell_entry, rand_demon_pan_entry_4, ebering_dispersal_statue_hall,
          nicolae_blasting_shop, serial_bayou_pond_c, serial_bayou_ford_a,
          uniq_enchantress
Depths:3: nicolae_BIG_FREAKIN_CUBE, layout_cave_shapes, rand_demon_pan_entry_5,
          hangedman_abyss_entry_splay, bh_walls_and_bars,
          pf_vacation_house_of_asmodeus, st_stairs_7, minmay_staircase_statues
Depths:4: grunt_zot_entry_pinwheel, layout_cave_pools, hell_entry,
          nicolae_figureground_sparkle, abyss_entry, minmay_misc_feat_rugged,
          chequers_serial_rivers_small_b, kennysheep_pointless_box
Hell
Dis:1:    layout_regular_city
Dis:2:    layout_subdivisions
Dis:3:    layout_jigsaw, door_vault
Dis:4:    layout_jigsaw, nicolae_hells_fiendish_ambush
Dis:5:    layout_subdivisions
Dis:6:    layout_regular_city
Dis:7:    dis_hangedman
Tar:1:    layout_grid_maze, nicolae_tar_cuneiform_oil,
          nicolae_tar_cuneiform_heaven, lemuel_nasty_pond
Tar:2:    layout_honeycomb
Tar:3:    nicolae_tar_entranced, layout_cathedral_of_symmetry,
          nicolae_tar_windowcombs
Tar:4:    layout_grid_maze, nicolae_tar_grid_combs
Tar:5:    layout_catacombs
Tar:6:    layout_catacombs, nicolae_tar_cuneiform_oil
Tar:7:    tar_grunt_cathedral

Skill      XL: |  1  2  3  4  5  6  7  8  9 10 11 12 13 14 15 16 17 18 19 20 21 22 23 24 25 26 27 |
---------------+----------------------------------------------------------------------------------+-----
Poison Magic   | 4 5 6 8 9 11 12 13 14 15 16 | 16.0
Axes           | 1 2 3 4 5 6 8 9 10 11 12 13 14 15 16 17 18 19 21 | 21.3
Fighting       | 1 2 3 5 6 7 8 10 11 12 13 14 15 16 17 18 19 23 | 23.7
Shields        | 4 5 7 9 10 12 13 14 15 16 23 | 23.1
Transmutations | 1 2 3 4 6 7 8 9 10 11 16 | 16.0
Spellcasting   | 3 4 5 6 7 8 10 | 10.0
Fire Magic     | 1 2 |  2.0
Invocations    | 7 10 11 12 13 14 15 16 17 18 19 25 | 25.6
Conjurations   | 2 4 7 |  7.0
Translocations | 2 15 | 15.3
Armour         | 4 6 7 9 11 12 13 14 15 16 20 | 20.3
Hexes          | 2 3 6 7 |  7.0
Dodging        | 6 |  6.4
Stealth        | 5 |  5.0
Evocations     | 5 |  5.0

Action                   |  1- 3 |  4- 6 |  7- 9 | 10-12 | 13-15 | 16-18 | 19-21 | 22-24 | 25-27 || total
-------------------------+-------+-------+-------+-------+-------+-------+-------+-------+-------++-------
Melee: Unarmed           |     7 |       |       |       |       |       |       |       |       ||     7
       Hand axe          |    31 |    42 |   108 |   270 |   270 |    23 |       |       |     5 ||   749
       Punch             |     1 |       |       |       |       |       |       |       |       ||     1
       Lajatang          |       |    12 |       |       |       |       |       |       |       ||    12
       Broad axe         |       |       |       |       |     5 |       |       |   216 |  5868 ||  6089
       War axe           |       |       |       |       |       |   384 |   591 |    20 |       ||   995
       Staff             |       |       |       |       |       |       |       |       |     1 ||     1
Throw: Dart              |       |       |       |       |     8 |     3 |       |       |     1 ||    12
 Cast: Sting             |    52 |    45 |   107 |   207 |   215 |   167 |   290 |    30 |   590 ||  1703
       Poisonous Vapours |       |     4 |    14 |    25 |   137 |   200 |   296 |   110 |   325 ||  1111
       Mephitic Cloud    |       |       |    11 |    18 |    20 |    29 |    64 |    21 |    87 ||   250
       Olgreb's Toxic Ra |       |       |     3 |    35 |    64 |    58 |    64 |    13 |    51 ||   288
       Ignite Poison     |       |       |       |    53 |   161 |   156 |   268 |    79 |   297 ||  1014
       Apportation       |       |       |       |       |       |     1 |     1 |       |    18 ||    20
       Yara's Violent Un |       |       |       |       |       |       |     1 |     1 |   105 ||   107
       Alistair's Intoxi |       |       |       |       |       |       |       |     1 |     1 ||     2
       Irradiate         |       |       |       |       |       |       |       |       |   167 ||   167
       Eringya's Noxious |       |       |       |       |       |       |       |       |    21 ||    21
       Lesser Beckoning  |       |       |       |       |       |       |       |       |   106 ||   106
       Manifold Assault  |       |       |       |       |       |       |       |       |    63 ||    63
Invok: Heal Other        |       |       |       |     8 |    12 |    18 |    13 |       |    31 ||    82
       Heal Self         |       |       |       |       |     1 |       |     2 |     1 |    50 ||    54
       Divine Vigour     |       |       |       |       |       |     1 |     1 |     1 |     6 ||     9
       Purification      |       |       |       |       |       |       |       |       |    13 ||    13
Evoke: Wand              |       |       |     9 |    12 |    15 |     5 |     7 |     2 |     5 ||    55
       Phantom mirror    |       |       |       |       |       |     2 |       |       |     2 ||     4
       Phial of floods   |       |       |       |       |       |       |       |       |     1 ||     1
  Use: Scroll            |       |       |     7 |    10 |     8 |     4 |     6 |    11 |    67 ||   113
       Potion            |       |       |     2 |     4 |     3 |     2 |     7 |     4 |    72 ||    94
 Stab: Sleeping          |       |     1 |       |       |       |       |       |     1 |     2 ||     4
       Confused          |       |       |     2 |     1 |       |     5 |     4 |       |    23 ||    35
       Paralysed         |       |       |       |       |     3 |       |       |       |       ||     3
       Distracted        |       |       |       |       |     1 |       |     2 |     1 |     5 ||     9
       Invisible         |       |       |       |       |       |       |     8 |       |       ||     8
Armor: Robe              |    31 |    15 |    41 |    75 |    31 |   315 |   424 |    76 |       ||  1008
       Steam dragon scal |       |       |       |    87 |     4 |       |       |       |       ||    91
       Skin              |       |       |       |    17 |       |       |       |       |     1 ||    18
       Leather armour    |       |       |       |       |    72 |       |       |       |       ||    72
       Scale mail        |       |       |       |       |    60 |       |       |       |       ||    60
       Fire dragon scale |       |       |       |       |       |       |       |       |  3088 ||  3088
Dodge: Dodged            |    36 |    45 |    71 |   179 |   174 |   381 |   462 |    56 |  1841 ||  3245
Block: Buckler           |       |       |       |   178 |   254 |   436 |   365 |       |       ||  1233
       Reflection        |       |       |       |     6 |    38 |     1 |    29 |    12 |   151 ||   237
       Other             |       |       |       |     4 |       |       |       |       |       ||     4
       Kite shield       |       |       |       |       |       |       |   311 |   174 |  3806 ||  4291
       Tower shield      |       |       |       |       |       |       |       |       |  3237 ||  3237
